[Event "SixDays Budapest March GM A 2025"]
[Site "Budapest"]
[Date "2025.03.26"]
[Round "5.1"]
[White "Jake Shanty"]
[Black "Moldagali, Beksultan"]
[Result "0-1"]
[Annotator "TA"]
[ECO "A05"]
[WhiteElo "2336"]
[BlackElo "2398"]
[PlyCount "60"]
[EventDate "2025.03.23"]
[EventCountry "HUN"]
[SourceTitle "playchess.com"]
[Source "ChessBase"]
[SourceQuality "1"]
[TimeControl "5400+30"]

1. Nf3 Nf6 2. g3 d5 3. Bg2 e6 4. O-O Be7 5. b3 O-O 6. Bb2 c5 7. e3 Nc6 8. d4 b6 {[%emt 0:01:53] D02: 1 d4 d5 2 Nf3 sidelines, including 2...Nf6 3 g3 and 2...Nf6 3 Bf4.} 9. Nbd2 Ba6 10. Re1 Rc8 {[%emt 0:00:39] The position is equal.} 11. a3 Re8 12. Rc1 Qc7 $146 ({Predecessor:} 12... cxd4 13. exd4 Na5 14. Ne5 Nd7 15. f4 g6 16. Ndf3 Bf6 17. g4 Bg7 18. Nxd7 Qxd7 {0-1 Giap,X-Nguyen,T VIE-chT Hue 1999 (7)}) 13. dxc5 bxc5 14. c4 Qb6 15. Qc2 Red8 16. cxd5 Nxd5 17. Nc4 Bxc4 18. bxc4 (18. Qxc4 $6 Na5 19. Qg4 g6 $11) 18... Nf6 19. Rb1 Qc7 20. Ng5 {[%emt 0:02:26] and Bxf6 should not be overlooked} h6 21. Ne4 Nd7 22. Red1 Bf8 23. Nc3 a6 {[%emt 0:01:29] Against Nb5} 24. Qa4 Nde5 25. Rxd8 Qxd8 26. f4 Ng4 27. Re1 (27. Bxc6 $2 Qd2 28. Nd1 (28. Bg2 Qxe3+ 29. Kh1 Nf2+ 30. Kg1 Nd1+ 31. Kh1 Qe1+) 28... Rd8 $19 (28... Nxh2 $2 29. Bc3 $18) (28... Qxh2+ $2 29. Kf1 $19)) 27... Rb8 28. Bc1 ({Better is} 28. Rd1 $1 $14 Qb6 29. Rb1) 28... Qd3 $15 29. Ne4 {[%emt 0:00:22] [#]} (29. Nd1 $1 $11) 29... Rb1 $1 $17 {[%emt 0:00:35][%cal Ob1c1] White must now prevent ...Rxc1!. Black is more active.} 30. h3 $2 {[%emt 0:00:44][%mdl 8192] [#]} (30. Qxc6 $2 {is the wrong capture.} Rxc1 (30... Nxe3 31. Bf1 $15) 31. Rf1 Qe2 $19 (31... Qxc4 $2 32. Nd2 $19) (31... Rxc4 $2 32. Nf2 $19) (31... Qxe3+ $2 32. Kh1 $19) (31... Qxa3 $2 32. h4 $19)) (30. Nf2 $17 Qc3 31. Rd1 Rxc1 (31... Nxe3 $2 32. Bxe3 Rxd1+ 33. Nxd1 $18) 32. Nxg4 Rxd1+ (32... Qxc4 $2 33. Qxc4 Rxc4 34. Bxc6 $18) 33. Qxd1) (30. Qd1 Qxd1) 30... Rxc1 $1 {[%emt 0:00:08][%mdl 512] Weighted Error Value: White=0.41/Black=0.12 (very precise)   Loses game:     	White=1     	---        Mistake:       	White=2     	---        Inaccurate:     	White=1     	Black=3      OK:         	White=9     	Black=6      Best:        	White=1     	---        Strong:       	---       	Black=1      Brilliant:      	---       	Black=1} 0-1

[Event "SixDays Budapest March GM A 2025"]
[Site "Budapest"]
[Date "2025.03.26"]
[Round "5.2"]
[White "Zia, Tahsin Tajwar"]
[Black "Uskov, Artem"]
[Result "0-1"]
[Annotator "TA"]
[ECO "B47"]
[WhiteElo "2327"]
[BlackElo "2461"]
[PlyCount "98"]
[EventDate "2025.03.23"]
[EventCountry "HUN"]
[SourceTitle "playchess.com"]
[Source "ChessBase"]
[SourceQuality "1"]
[TimeControl "5400+30"]

1. e4 c5 2. Nc3 Nc6 3. Nf3 e6 4. d4 cxd4 5. Nxd4 Qc7 6. Be2 a6 7. Nxc6 {[%emt 0:00:49] B47: Sicilian: Taimanov: 5 Nc3 Qc7 6 f4, 6 g3 and 6 Be2.} bxc6 8. Qd3 Nf6 9. Qg3 {[%emt 0:00:28] White is slightly better.} Qxg3 10. hxg3 d5 11. g4 Bb7 12. g5 (12. exd5 cxd5 13. Be3) 12... Nd7 ({Black should play} 12... Nxe4 $11 13. Nxe4 dxe4) 13. f4 $146 (13. f3 $14) ({Predecessor:} 13. Be3 Bc5 14. Bxc5 Nxc5 15. O-O-O Ke7 16. Rh4 h6 17. Rdh1 Nxe4 18. Nxe4 dxe4 19. gxh6 Rxh6 20. Rxh6 gxh6 21. Rxh6 {0-1 Rog,B (2239)-Moranda,W (2564) POL-ch sf Karpacz 2023 (4)}) 13... O-O-O 14. Bf3 g6 15. Be3 Bg7 16. O-O-O h6 {[%emt 0:00:11] [#]} 17. f5 $1 gxf5 (17... hxg5 18. Bxg5) 18. exf5 (18. gxh6 $14 {is more appropriate.} Bxc3 19. bxc3 dxe4 20. Bh5) 18... hxg5 $11 {[%emt 0:00:06] Threatening ...Rxh1.} 19. fxe6 fxe6 20. Bxg5 Bf6 21. Bxf6 Nxf6 22. Rhe1 Rde8 23. Na4 Kc7 24. Nc5 e5 25. Rf1 Re7 26. c4 Rd8 27. g4 e4 28. g5 Nd7 29. Nxd7 Rexd7 30. Bh5 d4 (30... Rh7 $11 31. Bf7 Rg7) 31. Bf7 $2 {[%emt 0:01:18] Now White is beyond hope.} (31. g6 $14 {stays ahead.}) 31... e3 $19 32. g6 {[%emt 0:00:50] [#]} d3 $1 (32... e2 33. g7 $15) 33. g7 d2+ 34. Rxd2 exd2+ (34... Rxd2 35. g8=Q Rxg8 36. Bxg8 $17) 35. Kd1 Bc8 36. g8=Q Rxg8 37. Bxg8 {[%emt 0:00:01][%mdl 4096] Endgame KRB-KRB} Rd4 {[%emt 0:00:24] Threatens to win with ...Bg4+.} 38. Rf7+ (38. Rg1 {was forced.}) 38... Kb6 {[%emt 0:00:18] ( -> ...Bg4+)} 39. Rg7 Bg4+ 40. Rxg4 Rxg4 {[%emt 0:00:04] KR-KB} 41. Be6 Rd4 42. b4 a5 43. a3 Rd3 44. Bf5 $2 (44. Bg4 {was necessary.}) 44... Rxa3 45. bxa5+ Rxa5 46. Bd3 Ra2 47. Bc2 Kc5 48. Kxd2 {[%emt 0:00:08] [#]} Rxc2+ $1 49. Kxc2 Kxc4 {[%emt 0:00:04] Weighted Error Value: White=0.70/Black=0.10 (very precise)   Loses game:     	White=1     	---        Mistake:       	White=5     	Black=2      Inaccurate:     	White=3     	Black=2      OK:         	White=11    	Black=15     Best:        	White=2     	Black=4      Strong:       	---       	Black=1} 0-1

[Event "SixDays Budapest March GM A 2025"]
[Site "Budapest"]
[Date "2025.03.26"]
[Round "5.3"]
[White "Berczes, David"]
[Black "Pap, Misa"]
[Result "1/2-1/2"]
[Annotator "TA"]
[ECO "A37"]
[WhiteElo "2408"]
[BlackElo "2457"]
[PlyCount "33"]
[EventDate "2025.03.23"]
[EventCountry "HUN"]
[SourceTitle "playchess.com"]
[Source "ChessBase"]
[SourceQuality "1"]
[TimeControl "5400+30"]

1. c4 c5 2. Nc3 g6 3. g3 Bg7 4. Bg2 Nc6 5. Nf3 Nh6 6. O-O Nf5 7. d3 O-O {7...h5 is the fancy move.} 8. Bd2 d6 9. Rb1 {A37: Symmetrical English vs ...g6: 4 Bg2 Bg7 5 Nf3.} b6 (9... Rb8 $11) 10. a3 (10. g4 $14) 10... Bb7 {An uneventful encounter.   Weighted Error Value: White=0.40/Black=0.42  Mistake:       	White=1     	Black=1} {Predecessor:} 11. b4 $146 Qd7 12. bxc5 dxc5 13. Nd5 e6 14. Ne3 Nfd4 15. Nc2 Nxc2 16. Qxc2 e5 17. Bc3 {0-1 Demidov,M (2549)-Carlsen,M (2832) Titled Tuesday intern op 23rd Jul Late blitz 2024 (11)} 1/2-1/2

[Event "SixDays Budapest March GM A 2025"]
[Site "Budapest"]
[Date "2025.03.26"]
[Round "5.4"]
[White "Aczel, Gergely"]
[Black "Rohrer, Christophe"]
[Result "1-0"]
[Annotator "TA"]
[ECO "E45"]
[WhiteElo "2487"]
[BlackElo "2266"]
[PlyCount "127"]
[EventDate "2025.03.23"]
[EventCountry "HUN"]
[SourceTitle "playchess.com"]
[Source "ChessBase"]
[SourceQuality "1"]
[TimeControl "5400+30"]

1. d4 Nf6 2. c4 e6 3. Nc3 Bb4 4. e3 b6 5. Nge2 Ba6 6. a3 Bxc3+ 7. Nxc3 d5 8. b3 O-O 9. Be2 c5 {[%emt 0:02:19] now scores much better than the old 9...Nc6.} 10. dxc5 {[%emt 0:01:51] E45: Nimzo-Indian: Rubinstein: 4...b6 5 Ne2 Ba6.} dxc4 11. bxc4 $146 {[%emt 0:01:08] Qxd8 poses a challenge} ({Predecessor:} 11. Qxd8 Rxd8 12. cxb6 cxb3 13. Rb1 axb6 14. Rxb3 Nbd7 15. Bxa6 Rxa6 16. Ke2 Nc5 17. Rb1 Nfe4 18. Nxe4 Nxe4 {½-½ Nakamura,H (2775)-Theodorou,N (2591) PRO League KO Stage rapid 2023 (1.2)}) 11... Qxd1+ 12. Kxd1 {[%emt 0:01:13] The position is equal.} Nbd7 {[%emt 0:01:52] Black sacrificed a pawn} 13. cxb6 Nxb6 14. c5 Bxe2+ 15. Kxe2 Nbd7 16. f3 Rfc8 17. e4 Rxc5 18. Bd2 Rac8 19. Rhc1 Nb6 20. Nd1 Nfd7 21. Ne3 Rxc1 22. Rxc1 Rxc1 23. Bxc1 $11 {[%emt 0:00:02][%mdl 4096] Endgame KBN-KNN} Kf8 24. Kd3 Nc5+ 25. Kc3 Ke7 26. Nc4 $1 f6 27. Be3 Ncd7 28. Kb4 Kd8 29. Nd6 g6 30. Nb5 {[%emt 0:01:22] White is more active.} a5+ 31. Kb3 f5 {[%emt 0:02:59] [#]} 32. Nd6 (32. Kc3 $1 $16) 32... Kc7 33. Nf7 fxe4 34. fxe4 Nf6 35. Ng5 e5 {[%emt 0:02:22] Wards off Bd4} 36. Bd2 a4+ 37. Kb4 h6 {[%emt 0:02:02] [#]} (37... Nbd7 $14) 38. Nf7 $1 $16 g5 39. Kb5 (39. Nxe5 Nxe4 40. Be1 h5 $16) 39... Nbd7 (39... Nxe4 $2 40. Ba5 $18) 40. Ba5+ Kb7 41. Nd6+ Ka7 42. Bd2 ({White should try} 42. Bd8) 42... Nf8 43. Be3+ Kb8 44. Kxa4 Kc7 45. Nf7 Nxe4 46. Nxh6 Ne6 47. Nf7 Nc3+ 48. Kb3 Nd5 49. Bxg5 (49. Nxg5 Nxe3 50. Nxe6+ Kd6 $11) 49... e4 50. Kc4 Nb6+ 51. Kc3 Nd5+ 52. Kd2 Nd4 53. h4 Nb3+ 54. Kc2 Nd4+ 55. Kd2 Nb3+ $1 56. Ke2 Nd4+ 57. Kf2 Nc2 $2 (57... e3+ {was worth a try.} 58. Bxe3 Nxe3 59. Kxe3 Nf5+ 60. Kf4 Nxh4) 58. h5 $18 e3+ 59. Ke2 {[%emt 0:00:31] Hoping for h6.} Nc3+ 60. Kd3 e2 61. Bd2 (61. Kxc3 $2 e1=Q+ (61... e1=R $2 {perishes.} 62. Bf4+ Kd7 63. Kxc2 $18) 62. Kxc2 Qf2+ 63. Bd2 Qxf7 $19) 61... e1=Q 62. Bxe1 Nxe1+ 63. Kxc3 Nxg2 64. h6 {[%emt 0:00:15] Weighted Error Value: White=0.10 (very precise) /Black=0.48  Mistake:       	White=2     	Black=2      Inaccurate:     	White=1     	Black=7      OK:         	White=22    	Black=14     Best:        	White=7     	Black=3      Strong:       	White=2     	Black=1} 1-0

[Event "SixDays Budapest March GM A 2025"]
[Site "Budapest"]
[Date "2025.03.26"]
[Round "5.5"]
[White "Borgaonkar Akshay"]
[Black "Ostrovskiy, Aleksandr"]
[Result "1-0"]
[Annotator "TA"]
[ECO "B12"]
[WhiteElo "2418"]
[BlackElo "2394"]
[PlyCount "63"]
[EventDate "2025.03.23"]
[EventCountry "HUN"]
[SourceTitle "playchess.com"]
[Source "ChessBase"]
[SourceQuality "1"]
[TimeControl "5400+30"]

1. e4 c6 2. d4 d5 3. e5 c5 4. Nf3 cxd4 5. Qxd4 Nc6 6. Qf4 {[%emt 0:00:20] B12: Caro-Kann: Advance Variation.} f6 (6... e6 $11) 7. Nc3 a6 {[%emt 0:00:41] Wards off Bb5} 8. Qg3 $146 {[%emt 0:01:45] White is slightly better.} (8. Bd2 e6 9. O-O-O fxe5 10. Nxe5 Nf6 11. Qa4 Qc7 12. f4 Rb8 13. Re1 Bd6 14. Bxa6 {0-1 Fernandez Sanchez,F (2421)-Mareco,S (2619) Arica op 8th 2022 (4)}) 8... fxe5 9. Nxe5 Nf6 10. Be2 Bf5 11. O-O e6 12. Bf4 Rc8 (12... g6 $1 $14) 13. Rfe1 {[%emt 0:13:05] White has more active pieces.} g6 {[%emt 0:04:07] [#]} (13... Nb4 $14) 14. Rad1 ({Better is} 14. Bd3 $1 $16) 14... Bg7 $11 15. h4 (15. Bg4 $11 O-O 16. Bxf5 gxf5 17. Qh3) 15... O-O $15 16. Bf3 Bxc2 17. Rd2 Bf5 18. Nc4 Nd4 19. Rxd4 Rxc4 20. Rxc4 dxc4 21. Be5 (21. Bxb7 $2 Nh5 22. Qh2 Qb6 $19) 21... b5 22. h5 (22. Rd1 $11 Bd3 23. Be2) 22... b4 23. Rd1 Qc8 (23... Qe8 $15 {might be stronger.} 24. Bxf6 Bxf6) 24. Ne2 Rd8 25. Nd4 {[%emt 0:00:23][%cal Oh5h6] aiming for h6!.} Bd3 $2 {[%emt 0:00:53][%mdl 8192] [#]} (25... Nxh5 $11 {and Black has nothing to worry.} 26. Bxh5 Bxe5 27. Qxe5 gxh5) 26. h6 $1 $18 Bh8 27. Nc6 Rd7 {[%emt 0:00:47] Repels Ne7+} 28. Nxb4 Qc5 (28... Be4 $16 {keeps fighting.} 29. Rc1 (29. Rxd7 Qxd7 30. Qh4 Bxf3 $18) 29... a5) 29. Bc3 Qd6 30. Qh4 Rf7 31. Qxc4 Bxc4 32. Rxd6 {[%emt 0:00:02] Weighted Error Value: White=0.24 (precise) /Black=0.34  Loses game:     	---       	Black=1      Mistake:       	White=3     	Black=5      Inaccurate:     	White=3     	Black=3      OK:         	White=10    	Black=10     Best:        	White=2     	Black=1} 1-0